 Dungeon Crawl Stone Soup version 0.28.0 (webtiles) character file.

Game seed: 18229440465984812808

1063 Host24 the Quickloader (level 8, -3/52 HPs)
             Began as a Kobold Hunter on Feb 5, 2022.
             Slain by a wyvern (7 damage)
             ... on level 6 of the Dungeon.
             The game lasted 00:12:14 (6299 turns).

Host24 the Quickloader (Kobold Hunter)              Turns: 6299, Time: 00:12:14

Health: -3/52      AC:  5    Str: 11    XL:     8   Next: 52%
Magic:  8/8        EV: 14    Int: 16    God:
Gold:   274        SH:  0    Dex: 15    Spells: 7/7 levels left

rFire   . . .      SeeInvis .   a - +1 hand crossbow
rCold   . . .      Faith    .   (no shield)
rNeg    . . .      Spirit   .   c - +0 leather armour
rPois   .          Reflect  .   r - +0 helmet {Int+3}
rElec   .          Harm     .   (no cloak)
rCorr   .          Rampage  .   (no gloves)
Will    .....                   e - +0 pair of boots
Stlth   +++.......              (no amulet)
HPRegen 0.17/turn               (no ring)
MPRegen 0.11/turn               (no ring)

@: no status effects
A: small, no large weapons, nightstalker 3
a: no special abilities


You were on level 6 of the Dungeon.
You visited 1 branch of the dungeon, and saw 6 of its levels.

You collected 274 gold pieces.

Inventory:

Hand Weapons
 a - a +1 hand crossbow (weapon)
 h - a +0 short sword of venom
 x - the +5 quarterstaff "Suchiri" {speed, rN+++ Dex+3 Stlth-}
   (You found it on level 4 of the Dungeon)

   Attacks with this weapon are significantly faster.
   Dex:       It affects your dexterity (+3).
   rN:        It renders you almost immune to negative energy.
   Stlth:     It makes you less stealthy.
Missiles
 d - 7 bolts (quivered ammo)
 g - 169 stones
 t - 22 arrows
 y - 40 sling bullets
Armour
 c - a +0 leather armour (worn)
 e - a +0 pair of boots (worn)
 r - a +0 helmet of intelligence (worn)
Scrolls
 f - 2 scrolls of amnesia {unknown}
 j - a scroll of magic mapping {unknown}
 k - 2 scrolls of enchant armour {unknown}
 l - 2 scrolls of teleportation {unknown}
 m - a scroll of immolation {unknown}
 n - a scroll of fog {unknown}
 o - 3 scrolls of identify {unknown}
 p - 3 scrolls of summoning {unknown}
 s - a scroll of blinking {unknown}
 u - a scroll of vulnerability {unknown}
Potions
 b - 2 potions of heal wounds {unknown}
 i - 2 potions of flight {unknown}
 q - a potion of lignification {unknown}
 v - a potion of attraction {unknown}
 w - a potion of haste {unknown}
 z - 2 potions of degeneration {unknown}
 A - a potion of ambrosia {unknown}
 B - a potion of brilliance {unknown}


   Skills:
 + Level 6.4 Fighting
 - Level 10.1 Crossbows
 - Level 3.0 Dodging
 - Level 1.3 Stealth


You had 7 spell levels left.
You didn't know any spells.
Your spell library contained the following spells:

 Spells                   Type           Power      Damage    Failure   Level
 Slow                     Hex            0%         N/A       32%         1
 Poisonous Vapours        Pois/Air       0%         N/A       45%         2
 Confusing Touch          Hex            0%         N/A       69%         3
 Frozen Ramparts          Ice            0%         1d2       69%         3
 Vampiric Draining        Necr           0%         2d6       69%         3
 Hailstorm                Conj/Ice       0%         3d3       97%         4
 Freezing Cloud           Conj/Ice/Air   0%         6-21      100%        5


Dungeon Overview and Level Annotations

Branches:
Dungeon (6/15)
 Temple: D:4-7

Altars:

Shops:
D:3 (   D:4 :

Annotations:
D:2 Sigmund
D:6 Eustachio


Innate Abilities, Weirdness & Mutations

You are small and have problems with some larger weapons.
You are completely attuned to the shadows.


Message History

Fire: 13 bolts
Press: ? - help, Q - select action, (/) - cycle Shift-Dir - straight line, f/p - wyvern
Aim: a wyvern (heavily wounded, 71% to hit)
You shoot a bolt. The bolt hits the wyvern!
The wyvern is severely wounded.
The wyvern bites you!
Fire: 12 bolts
Press: ? - help, Q - select action, (/) - cycle Shift-Dir - straight line, f/p - wyvern
Aim: a wyvern (severely wounded, 71% to hit)
You shoot a bolt. The bolt hits the wyvern.
The wyvern is almost dead.
The wyvern completely misses you. The wyvern closely misses you.
Fire: 11 bolts
Press: ? - help, Q - select action, (/) - cycle Shift-Dir - straight line, f/p - wyvern
Aim: a wyvern (almost dead, 71% to hit)
You shoot a bolt. The bolt closely misses the wyvern.
The wyvern completely misses you.
Unknown command.
Fire: 10 bolts
Press: ? - help, Q - select action, (/) - cycle Shift-Dir - straight line, f/p - wyvern
Aim: a wyvern (almost dead, 71% to hit)
You shoot a bolt.
The bolt hits the wyvern but does no damage.
The wyvern is almost dead.
The wyvern misses you. The wyvern bites you!
* * * LOW HITPOINT WARNING * * *
Fire: 9 bolts
Press: ? - help, Q - select action, (/) - cycle Shift-Dir - straight line, f/p - wyvern
Aim: a wyvern (almost dead, 71% to hit)
You shoot a bolt.
The bolt hits the wyvern but does no damage.
The wyvern is almost dead.
The wyvern bites you!
* * * LOW HITPOINT WARNING * * *
Fire: 8 bolts
Press: ? - help, Q - select action, (/) - cycle Shift-Dir - straight line, f/p - wyvern
Aim: a wyvern (almost dead, 71% to hit)
You shoot a bolt. The bolt barely misses the wyvern.
The wyvern barely misses you. The wyvern bites you!
You die...

# # .# #...... ##
##.# #.......
.######..# .......(
...##....# #.......
#........## ##.......
.######...###....l...
..# #.........@....
..# #.#######......
.... ..## #...?..
....... ##.....
...... ..#... ....
>.. ...


You could see a wyvern.

Vanquished Creatures
  A yak (D:5)
  2 orc warriors (D:5)
  A black bear (D:6)
  An ogre (D:5)
  A scorpion (D:5)
  2 hounds
  A jelly (D:5)
  2 orc priests
  A gnoll shaman (D:5)
  A bullfrog skeleton (D:5)
  Jessica (D:2)
  2 iguanas (D:5)
  3 orc wizards
  Robin (D:3)
  2 adders (D:2)
  3 gnolls (D:5)
  An adder skeleton (D:4)
  A dart slug (D:4)
  9 orcs
  4 endoplasms
  6 giant cockroaches
  11 goblins
  8 hobgoblins
  2 jackals (D:2)
  6 ball pythons
  5 bats
  A frilled lizard (D:2)
  9 kobolds
  6 rats
94 creatures vanquished.

Notes
Turn   | Place    | Note
-------+----------+-------------------------------------------
     0 | D:1      | Host24 the Kobold Hunter began the quest for the Orb.
     0 | D:1      | Reached XP level 1. HP: 12/12 MP: 1/1
   136 | D:1      | Reached skill level 5 in Crossbows
   271 | D:1      | Reached XP level 2. HP: 18/18 MP: 2/2
   858 | D:2      | Reached XP level 3. HP: 18/23 MP: 3/3
  1110 | D:2      | Noticed Sigmund
  1217 | D:2      | Noticed Jessica
  1222 | D:2      | Killed Jessica
  1223 | D:2      | Reached skill level 6 in Crossbows
  1223 | D:2      | Reached XP level 4. HP: 28/28 MP: 4/4
  1514 | D:2      | Found a faded altar of an unknown god.
  2197 | D:3      | Noticed Robin
  2203 | D:3      | Killed Robin
  2204 | D:3      | Reached XP level 5. HP: 31/32 MP: 5/5
  2334 | D:3      | Found Kysas's Weapon Shop.
  2938 | D:4      | Reached skill level 7 in Crossbows
  3221 | D:4      | Identified the +5 quarterstaff "Suchiri" {speed, rN+++
                  | Dex+3 Stlth-}
  3426 | D:4      | Reached XP level 6. HP: 37/37 MP: 6/6
  3469 | D:4      | Found Raonkeji's Book Emporium.
  3967 | D:5      | Entered Level 5 of the Dungeon
  4001 | D:5      | Reached skill level 8 in Crossbows
  4138 | D:5      | Got the Disquisition on Freezing Poison
  4181 | D:5      | Noticed an orc warrior
  4292 | D:5      | Noticed an ogre
  4301 | D:5      | Killed an ogre
  4302 | D:5      | Reached skill level 9 in Crossbows
  4302 | D:5      | Reached XP level 7. HP: 41/41 MP: 7/7
  4728 | D:5      | Noticed a yak
  4728 | D:5      | Noticed a yak
  4728 | D:5      | Noticed a yak
  5008 | D:5      | Reached skill level 10 in Crossbows
  5385 | D:5      | Noticed a yak
  5385 | D:5      | Noticed a yak
  5386 | D:5      | Noticed a yak
  5423 | D:5      | Reached XP level 8. HP: 26/48 MP: 8/8
  5866 | D:5      | Killed a yak
  5867 | D:5      | Reached skill level 5 in Fighting
  6132 | D:6      | Noticed Eustachio
  6290 | D:6      | Noticed a wyvern
  6299 | D:6      | Slain by a wyvern

Illustrated notes

Levels and vault maps discovered:
D:1:      psy_arrival_spokes, layout_basic
D:2:      layout_rooms, shapermc_ecumenical_altar_venn, uniq_jessica,
          uniq_sigmund
D:3:      layout_loops_ring, serial_shops, nicolae_square_shop,
          grunt_ministairs_11, kennysheep_crisscross, uniq_robin
D:4:      layout_loops_ring, serial_shops, nicolae_shop_waterfront,
          grunt_ministairs_11
D:5:      layout_basic
D:6:      layout_layer_cave, okawaru_altar_gauntlet_db, serial_bayou_lake_a,
          uniq_eustachio

Skill      XL: |  1  2  3  4  5  6  7  8 |
---------------+-------------------------+-----
Crossbows      | 5 6 7 9 10 | 10.1
Fighting       | 3 4 6 |  6.4
Dodging        | 3 |  3.0
Stealth        | |  1.3

Action                   |  1- 3 |  4- 6 |  7- 9 || total
-------------------------+-------+-------+-------++-------
Melee: Short sword       |    88 |    77 |     9 ||   174
       Punch             |     1 |       |     1 ||     2
       Quarterstaff      |       |    42 |    25 ||    67
 Fire: Hand crossbow     |     4 |    24 |    37 ||    65
 Stab: Sleeping          |    10 |    10 |     2 ||    22
Armor: Leather armour    |    24 |    22 |     7 ||    53
Dodge: Dodged            |    76 |    70 |    36 ||   182
